 Seeded DCSS version 0.27-a0-95-g5a9077b8ae (webtiles) character file.

Game seed: 2500787313465770679 (custom seed)

231 tacoguy the Shield-Bearer (level 5, -1/44 (47) HPs)
             Began as a Minotaur Fighter on Jan 18, 2021.
             Slain by a wight
             ... wielding a +0 halberd
              (3 damage)
             ... on level 2 of the Dungeon.
             The game lasted 00:05:44 (2480 turns).

tacoguy the Shield-Bearer (Minotaur Fighter)        Turns: 2480, Time: 00:05:44

HP:   -1/44 (47)    AC:  7    Str: 22    XL:     5   Next: 73%
MP:   4/4           EV:  8    Int:  5    God:
Gold: 69            SH: 10    Dex:  9    Spells: 4/4 levels left

rFire    . . .     SeeInvis .   a - +0 war axe
rCold    . . .     Faith    .   c - +0 kite shield
rNeg     . . .     Spirit   .   b - +0 scale mail
rPois    .         Reflect  .   (helmet restricted)
rElec    .         Harm     .   (no cloak)
rCorr    .         Rampage  .   (no gloves)
Will     .....                  (no boots)
Stlth    ..........             (no amulet)
HPRegen  0.14/turn              h - ring of attention (curse)
MPRegen  0.09/turn              e - ring of wizardry

@: mighty, drained
A: retaliatory headbutt, horns 2
a: no special abilities


You were on level 2 of the Dungeon.
You visited 1 branch of the dungeon, and saw 2 of its levels.

You collected 69 gold pieces.

Inventory:

Hand Weapons
 a - a +0 war axe (weapon)
Missiles
 n - 2 silver javelins (quivered)
Armour
 b - a +0 scale mail (worn)
 c - a +0 kite shield (worn)
Jewellery
 e - a ring of wizardry (right hand)
 h - a cursed ring of attention (left hand)
Scrolls
 j - 2 scrolls of remove curse {unknown}
 k - a scroll of identify
 l - a scroll of blinking {unknown}
 o - 4 scrolls of teleportation {unknown}
Potions
 d - a potion of might
 g - a potion of mutation {unknown}
 i - a potion of brilliance {unknown}
 m - 2 potions of heal wounds {unknown}


   Skills:
 + Level 4.7 Fighting
 + Level 3.7 Axes
 + Level 4.7 Armour
 + Level 2.2 Dodging
 + Level 5.0 Shields


You had 4 spell levels left.
You didn't know any spells.
Your spell library was empty.

Dungeon Overview and Level Annotations

Branches:
Dungeon (2/15)

Altars:
Ashenzari
Gozag
Yredelemnul
Zin


Innate Abilities, Weirdness & Mutations

You reflexively headbutt those who attack you in melee.
You have a pair of horns on your head.


Message History

The wight is moderately damaged.
The wight completely misses you. The wight barely misses you.
You block the wight's attack.
The wight hits you from afar with a +0 halberd!
You feel drained.
You slash the wight!
You destroy the wight!
The wight hits you from afar with a +0 halberd!
* * * LOW HITPOINT WARNING * * *
Your Shields skill increases to level 5!
The wight hits you but does no damage.
Things that are here:
a +0 long sword; a +0 robe You hit the wight but do no damage.
You headbutt the wight!
The wight is almost destroyed.
You block the wight's attack.
You closely miss the wight.
The wight is almost destroyed.
The wight hits you with a +0 halberd.
You die...

#.####### #.# ##...##
#.# #.# ##'## #.#
##.### #(# #.# #....#
#.# #.# #).#.# ##.###
#.# #..#.# ##....##
#.#
#.)#.#######......##
..#
#..........##).....##
###
#)##@#####.##........
#.##z# #.........##
#.##.# #####....##
#....# #.#.## ######
#.### #.# #.# ### #.#
#.. #.# #.#


You could see a wight.

Vanquished Creatures
  4 wights (D:2)
  3 adders (D:2)
  2 dart slugs
  3 leopard geckos
  5 giant cockroaches
  3 goblins
  5 hobgoblins
  6 kobolds
  A bat (D:1)
  A frilled lizard (D:2)
  3 rats
36 creatures vanquished.

Notes
Turn   | Place    | Note
-------+----------+-------------------------------------------
     0 | D:1      | tacoguy the Minotaur Fighter began the quest for the Orb.
     0 | D:1      | Reached XP level 1. HP: 19/19 MP: 0/0
   356 | D:1      | Reached skill level 4 in Shields
   356 | D:1      | Reached XP level 2. HP: 9/27 MP: 1/1
  1201 | D:2      | Reached XP level 3. HP: 21/33 MP: 2/2
  1412 | D:2      | Found a basalt altar of Yredelemnul.
  1415 | D:2      | Found a broken altar of Ashenzari.
  1418 | D:2      | Found a glowing silver altar of Zin.
  1548 | D:2      | Found an opulent altar of Gozag.
  1757 | D:2      | Reached skill level 1 in Dodging
  2175 | D:2      | Reached XP level 4. HP: 32/41 MP: 3/3
  2179 | D:2      | Reached XP level 5. HP: 22/47 MP: 4/4
  2477 | D:2      | HP: 1/41 [wight/+0 halberd (13)]
  2478 | D:2      | Reached skill level 5 in Shields
  2480 | D:2      | Slain by a wight

Illustrated notes

Levels and vault maps discovered:
D:1:      minmay_arrival_stair_chambers, layout_loops_ring
D:2:      layout_loops_corners, grunt_gozag_breadcrumbs,
          grunt_temple_overflow_diamond

Skill      XL: |  1  2  3  4  5 |
---------------+----------------+-----
Shields        | 4 5 |  5.0
Fighting       | 4 |  4.7
Armour         | 4 |  4.7
Dodging        | 1 2 |  2.2
Axes           | 3 |  3.7

Action                   |  1- 3 |  4- 6 || total
-------------------------+-------+-------++-------
Melee: War axe           |   109 |    20 ||   129
       Headbutt          |    12 |     4 ||    16
  Use: Scroll            |     1 |       ||     1
       Potion            |       |     2 ||     2
Armor: Scale mail        |    44 |     5 ||    49
Dodge: Dodged            |    32 |     5 ||    37
Block: Kite shield       |    67 |    12 ||    79

Table legend: (Time is in decaauts)
 A = Elapsed time spent in this place.
 B = Non-inter-level travel time spent in this place.
 C = Inter-level travel time spent in this place.
 D = Time resting spent in this place.
 E = Time spent auto-exploring this place.
 F = Levels seen in this place.
 G = Mean time per level.
                   A        B        C        D        E       F      G
               +--------+--------+--------+--------+--------+-----+--------+
         Total |   2533 |   2488 |     45 |    515 |   1586 |   2 | 1266.5 |
       Dungeon |   2533 |   2488 |     45 |    515 |   1586 |   2 | 1266.5 |
               +--------+--------+--------+--------+--------+-----+--------+

Top non-repeatable levels by time:
     D:2: 1554 daAuts
     D:1: 979 daAuts
